 Dungeon Crawl Stone Soup version 0.31.0-7-gf635a9b802 (webtiles) character file.

Game seed: 17108702036971569753

445 olmar the Digger (level 6, 0/45 HPs)
             Began as a Demigod Earth Elementalist on Jan 24, 2024.
             Slain by a sky beast (5 damage)
             ... on level 4 of the Dungeon.
             The game lasted 00:04:07 (3227 turns).

olmar the Digger (Demigod Earth Elementalist)       Turns: 3227, Time: 00:04:09

Health: 0/45       AC:  2    Str:  9    XL:     6   Next: 43%
Magic:  2/15       EV: 12    Int: 25    God:
Gold:   219        SH:  0    Dex: 14    Spells: 6/13 levels left

rFire   . . .        (no weapon)
rCold   . . .        (no shield)
rNeg    . . .        a - +0 robe
rPois   .            (no helmet)
rElec   .            (no cloak)
rCorr   .            (no gloves)
SInv    .            (no boots)
Will    .....        (no amulet)
Stlth   ++           (no ring)
HPRegen 0.27/turn    (no ring)
MPRegen 0.14/turn

%: no passive effects
@: no status effects
A: high MP 1, forlorn, divine attributes
a: no special abilities


You were on level 4 of the Dungeon.
You visited 1 branch of the dungeon, and saw 5 of its levels.

You collected 219 gold pieces.

Inventory:

Hand Weapons
 o - a +0 dagger of flaming
Armour
 a - a +0 robe (worn)
Scrolls
 d - a scroll of brand weapon {unknown}
 f - 2 scrolls of teleportation {unknown}
 g - a scroll of noise {unknown}
 i - a scroll of amnesia {unknown}
 l - a scroll of poison {unknown}
 m - a scroll of torment {unknown}
 n - a scroll of identify
Potions
 b - a potion of magic
 c - a potion of haste {unknown}
 e - a potion of curing
 h - a potion of mutation
 j - a potion of brilliance {unknown}
 k - 2 potions of berserk rage {unknown}


   Skills:
 - Level 1.7 Dodging
 - Level 1.7 Stealth
 + Level 4.0 Spellcasting
 + Level 1.9 Conjurations
 + Level 5.3 Earth Magic


You had 6 spell levels left.
You knew the following spells:

 Your Spells              Type           Power      Damage    Failure   Level
a - Sandblast             Erth           62%        2d14      1%          1
b - Passwall              Erth           31%        N/A       3%          3
c - Stone Arrow           Conj/Erth      46%        3d9       6%          3

Your spell library contained the following spells:

 Spells                   Type           Power      Damage    Failure   Level
 Foxfire                  Conj/Fire      40%        2x1d6     6%          1
 Necrotise                Necr           20%        1d5       9%          1
 Hailstorm                Conj/Ice       10%        3d6       19%         3
 Brom's Barrelling Bould  Conj/Erth      23%        2d4       21%         4
 Summon Ice Beast         Ice/Summ       5%         N/A       26%         3
 Vampiric Draining        Necr           5%         2d6       26%         3
 Petrify                  Alch/Erth      18%        N/A       30%         4
 Martyr's Knell           Necr/Summ      5%         N/A       65%         4
 Curse of Agony           Necr           5%         N/A       94%         5
 Plasma Beam              Fire/Air       2%         2x1d12    100%        6
 Sculpt Simulacrum        Ice/Alch       2%         N/A       100%        6
 Starburst                Conj/Fire      5%         6d4       100%        6


Dungeon Overview and Level Annotations

Branches:
Dungeon (5/15)
 Temple: D:4-7

Annotations:
D:2 Sigmund
D:4 exclusion: oklob plant


Innate Abilities, Weirdness & Mutations

You have an increased reservoir of magic. (+10% MP)
You shall have no god before yourself.
Your divine heritage dramatically boosts your attributes as you level up.


Message History

Confirm with . or Enter, or press ? or * to list all spells.
Aiming: Stone Arrow (dangerous; 6% risk of failure)
Press: ? - help, Shift-Dir - straight line, f/p - gnoll sergeant
Aim: a gnoll sergeant, wielding a +0 spear, wearing a +0 ring mail and wearing a +0 kite shield (almost dead, 83% to hit)
The stone arrow hits the gnoll sergeant!!
You kill the gnoll sergeant!
Your Spellcasting skill increases to level 4!
Unknown command.
The sky beast flickers out of sight!
Deactivating autopickup; reactivate with Ctrl-A.
Something hits you. Something shocks you.
You climb upwards.
Level annotation: exclusion: oklob plant Reactivating autopickup.
There is a stone staircase leading down here.
You can't see any susceptible monsters within range! (Use Z to cast anyway.)
You can't see any susceptible monsters within range! (Use Z to cast anyway.) Unknown command.
Something hits you. Something shocks you.
Deactivating autopickup; reactivate with Ctrl-A.
Something hits you. Something shocks you.
Something hits you but does no damage.
Aiming: Sandblast (safe; 1% risk of failure)
Press: ? - help, Q - select action, (/) - cycle Shift-Dir - straight line The blast of sand hits something.
Something hits you. Something shocks you.
Unknown command.
Aiming: Sandblast (safe; 1% risk of failure)
Press: ? - help, Q - select action, (/) - cycle Shift-Dir - straight line The blast of sand hits something!
Something hits you.
* * * LOW HITPOINT WARNING * * *
Something shocks you.
* * * LOW HITPOINT WARNING * * *
A sky beast appears from thin air!
Reactivating autopickup.
The sky beast hits you.
* * * LOW HITPOINT WARNING * * *
The sky beast shocks you.
You die...

#..)>........#♣PP..~~
#............#PP..~~≈
#............#P♣.~≈≈≈
#..>.........###.~≈≈~
#................~≈≈~
#............###.~≈≈~
#......#####.#...~~≈≈
####Y### #.#PP..~≈≈
#@## #.#PP#..~~ #..#
#.#.##P..≈ #..#
###PP#♣P.. #..#


#PPPPPP. #..# #..PPPPP #..#### #.P#.PP♣ #######.....#####PP♣P♣.P
#######...............######## #......(...................... You could see a
sky beast.

Vanquished Creatures
  A water moccasin (D:5)
  A gnoll sergeant (D:5)
  2 hounds (D:4)
  Natasha (twice) (D:2)
  6 gnolls
  4 adders (D:3)
  A ribbon worm (D:4)
  An orc (D:4)
  6 endoplasms
  8 giant cockroaches
  2 goblins
  4 hobgoblins
  2 quokkas
  7 ball pythons
  8 bats
  4 frilled lizards
  11 kobolds
  4 rats
74 creatures vanquished.

Notes
Turn   | Place    | Note
-------+----------+-------------------------------------------
     0 | D:1      | olmar the Demigod Earth Elementalist began the quest for
                  | the Orb.
     0 | D:1      | Reached XP level 1. HP: 14/14 MP: 5/5
   104 | D:1      | Reached skill level 3 in Earth Magic
   300 | D:1      | Reached XP level 2. HP: 20/20 MP: 2/7
   811 | D:2      | Noticed Sigmund
   896 | D:2      | Noticed Natasha
   899 | D:2      | Killed Natasha
   900 | D:2      | Reached XP level 3. HP: 26/26 MP: 5/9
   904 | D:2      | Learned a level 3 spell: Passwall
   908 | D:2      | Learned a level 3 spell: Stone Arrow
   975 | D:2      | Noticed Natasha
   980 | D:2      | Killed Natasha
   981 | D:2      | Reached skill level 4 in Earth Magic
   981 | D:2      | Reached XP level 4. HP: 33/33 MP: 6/10
  1974 | D:3      | Reached XP level 5. HP: 38/38 MP: 10/12
  2567 | D:4      | Noticed an oklob plant
  2704 | D:4      | Reached skill level 1 in Conjurations
  3061 | D:5      | Entered Level 5 of the Dungeon
  3083 | D:5      | Noticed a water moccasin
  3104 | D:5      | Killed a water moccasin
  3105 | D:5      | Reached skill level 5 in Earth Magic
  3105 | D:5      | Reached XP level 6. HP: 45/45 MP: 7/14
  3227 | D:4      | Slain by a sky beast

Illustrated notes

Levels and vault maps discovered:
D:1:      dpeg_arrival_rhombi, layout_basic, minmay_tetromino_s4
D:2:      layout_rooms, dreamdust_ecumenical_altar_hidden_monk_grotto,
          uniq_sigmund, uniq_natasha, uniq_crazy_yiuf_cottage
D:3:      layout_basic
D:4:      layout_rooms, tgw_fedhas, cheibrodos_gnoll_hut
D:5:      layout_cave_pools, mainiacjoe_overflow_paths, chequers_mini_garden,
          minmay_manual_mess

Skill      XL: |  1  2  3  4  5  6 |
---------------+-------------------+-----
Earth Magic    | 3 4 5 |  5.3
Spellcasting   | 2 3 4 |  4.0
Conjurations   | 1 |  1.9
Dodging        | |  1.7
Stealth        | |  1.7

Action                     |  1- 3 |  4- 6 || total
---------------------------+-------+-------++-------
   Cast: Sandblast         |    49 |    56 ||   105
         Stone Arrow       |       |    10 ||    10
    Use: Scroll            |       |     2 ||     2
 Armour: Robe              |     8 |    18 ||    26
  Dodge: Dodged            |    12 |    17 ||    29
